NCAA
CINCINNATI BEARCATS @ AUBURN TIGERS
05/07/2029
 
TOP OF THE 1ST
Cincinnati Bearcats batting - Pitching for Auburn Tigers : RHP Andrew Lyons
Pitching: RHP Andrew Lyons
Batting: RHB Dale Castro 0-0: Ball
1-0: Ball
2-0: Ball
3-0: Base on Balls
Batting: RHB John Ward 0-0: Ball
1-0: Called Strike
1-1: Foul Ball, location: 2F
1-2: Strikes out swinging
Batting: SHB Miguel Price 0-0: Swinging Strike
0-1: Ball
1-1: Ball
2-1: Foul Ball, location: 2F
2-2: Ball
3-2: SINGLE (Groundball, 6S) (infield hit)
Dale Castro to second
Batting: RHB Ron McClain 0-0: Ball
1-0: Foul Ball, location: 2F
1-1: Foul Ball, location: 2F
1-2: Strikes out swinging
Batting: RHB Craig Porter 0-0: Called Strike
0-1: Ball
1-1: Called Strike
1-2: Ball
2-2: Ball
3-2: Foul Ball, location: 2F
3-2: 3-RUN HOME RUN (Flyball, 7LD), Distance : 332 ft
Batting: LHB Lee Price 0-0: Ball
1-0: SINGLE (Groundball, 34D)
Batting: RHB Scott Snider 0-0: Called Strike
0-1: Foul Ball, location: 2F
0-2: Ball
1-2: Strikes out looking
Top of the 1st over - 3 runs, 3 hits, 0 errors, 1 left on base; Cincinnati 3 - Auburn 0
BOTTOM OF THE 1ST
Auburn Tigers batting - Pitching for Cincinnati Bearcats : RHP Anthony McDowell
Pitching: RHP Anthony McDowell
Batting: SHB Andrew Johnson 0-0: Ball
1-0: Ball
2-0: Called Strike
2-1: Ball
3-1: Called Strike
3-2: Strikes out swinging
Batting: SHB Anthony Thomas 0-0: Ball
1-0: Called Strike
1-1: Swinging Strike
1-2: Ball
2-2: Reached on error, E9 (Flyball, 9)
Batting: RHB Vincente Martínez 0-0: Called Strike
0-1: Foul Ball, location: 2F
0-2: Foul Ball, location: 2F
0-2: Foul Ball, location: 2F
0-2: Foul Ball, location: 2F
0-2: Foul Ball, location: 2F
0-2: Ball
1-2: DOUBLE (Line Drive, 8LD)
Anthony Thomas to third
Batting: LHB Ed Sorensen 0-0: SINGLE (Groundball, 4MS) (infield hit)
Anthony Thomas scores
Vincente Martínez to third
Batting: RHB Ed McVinish 0-0: Ball
1-0: Swinging Strike
1-1: Ball
2-1: Ball
3-1: Base on Balls
Ed Sorensen to second
Batting: RHB Mike Brown 0-0: Called Strike
0-1: Foul Ball, location: 2F
0-2: Ball
1-2: Strikes out swinging
Batting: RHB Lou Perry 0-0: Foul Ball, location: 2F
0-1: Called Strike
0-2: Ball
1-2: Strikes out swinging
Bottom of the 1st over - 1 run, 2 hits, 1 error, 3 left on base; Cincinnati 3 - Auburn 1
TOP OF THE 2ND
Cincinnati Bearcats batting - Pitching for Auburn Tigers : RHP Andrew Lyons
Batting: RHB Brendan Myers 0-0: SINGLE (Line Drive, 34D)
Batting: RHB Ralph Summers 0-0: Foul Ball, location: 2F
0-1: Ball
1-1: Foul Ball, location: 2F
1-2: Strikes out looking
Batting: RHB Dale Castro 0-0: Ball
1-0: Foul Ball, location: 2F
1-1: Foul Ball, location: 2F
1-2: Ball
2-2: Grounds into double play, 6-4-3 (Groundball, 6)
Top of the 2nd over - 0 runs, 1 hit, 0 errors, 0 left on base; Cincinnati 3 - Auburn 1
BOTTOM OF THE 2ND
Auburn Tigers batting - Pitching for Cincinnati Bearcats : RHP Anthony McDowell
Batting: SHB Wayne Tressler 0-0: Fly out, F6 (Popup, 6M)
Batting: LHB Julián Icaza 0-0: Ball
1-0: Foul Ball, location: 2F
1-1: Foul Ball, location: 2F
1-2: Ball
2-2: Strikes out swinging
Batting: SHB Andrew Johnson 0-0: Ball
1-0: Called Strike
1-1: DOUBLE (Line Drive, 89D)
Batting: SHB Anthony Thomas 0-0: Ball
1-0: Called Strike
1-1: Fly out, F9 (Flyball, 89S)
Bottom of the 2nd over - 0 runs, 1 hit, 0 errors, 1 left on base; Cincinnati 3 - Auburn 1
TOP OF THE 3RD
Cincinnati Bearcats batting - Pitching for Auburn Tigers : RHP Andrew Lyons
Batting: RHB John Ward 0-0: Ball
1-0: Foul Ball, location: 2F
1-1: Ground out 6-3 (Groundball, 6)
Batting: SHB Miguel Price 0-0: Ball
1-0: Ball
2-0: Foul Ball, location: 2F
2-1: Ground out 4-3 (Groundball, 4)
Batting: RHB Ron McClain 0-0: Swinging Strike
0-1: Ball
1-1: Called Strike
1-2: Strikes out swinging
Top of the 3rd over - 0 runs, 0 hits, 0 errors, 0 left on base; Cincinnati 3 - Auburn 1
BOTTOM OF THE 3RD
Auburn Tigers batting - Pitching for Cincinnati Bearcats : RHP Anthony McDowell
Batting: RHB Vincente Martínez 0-0: Ball
1-0: Fly out, F7 (Flyball, 7S)
Batting: LHB Ed Sorensen 0-0: Swinging Strike
0-1: Foul Ball, location: 2F
0-2: Foul Ball, location: 2F
0-2: Fly out, F2 (Popup, 2LF)
Batting: RHB Ed McVinish 0-0: Ball
1-0: Foul Ball, location: 2F
1-1: Swinging Strike
1-2: Foul Ball, location: 2F
1-2: SOLO HOME RUN (Flyball, 8RXD), Distance : 385 ft
Batting: RHB Mike Brown 0-0: Ball
1-0: Ball
2-0: Called Strike
2-1: Ground out 5-3 (Groundball, 56S)
Bottom of the 3rd over - 1 run, 1 hit, 0 errors, 0 left on base; Cincinnati 3 - Auburn 2
TOP OF THE 4TH
Cincinnati Bearcats batting - Pitching for Auburn Tigers : RHP Andrew Lyons
Batting: RHB Craig Porter 0-0: Ball
1-0: Called Strike
1-1: SINGLE (Groundball, 6MD)
Batting: LHB Lee Price 0-0: Ball
1-0: Ball
2-0: Ball
3-0: Base on Balls
Craig Porter to second
Batting: RHB Scott Snider 0-0: Ball
1-0: Ball
2-0: Ball
3-0: Base on Balls
Craig Porter to third
Lee Price to second
Batting: RHB Brendan Myers 0-0: Called Strike
0-1: Fly out, F7 (Flyball, 7)
Runner from 3rd tags up, SCORES, throw made
Batting: RHB Ralph Summers 0-0: Called Strike
0-1: Ball
1-1: Fly out, F7 (Flyball, 7LM)
Pitching: LHP Raúl Gómez
Batting: RHB Dale Castro 0-0: Called Strike
0-1: Ground out 4-3 (Groundball, 4)
Top of the 4th over - 1 run, 1 hit, 0 errors, 2 left on base; Cincinnati 4 - Auburn 2
BOTTOM OF THE 4TH
Auburn Tigers batting - Pitching for Cincinnati Bearcats : RHP Anthony McDowell
Batting: RHB Lou Perry 0-0: Called Strike
0-1: Ball
1-1: Ball
2-1: Ball
3-1: Foul Ball, location: 2F
3-2: Foul Ball, location: 2F
3-2: Base on Balls
Batting: SHB Wayne Tressler 0-0: Ball
1-0: Ball
Lou Perry steals 2nd base
2-0: SINGLE (Line Drive, 6MD)
Lou Perry to third
Batting: LHB Julián Icaza 0-0: Called Strike
Wayne Tressler is caught stealing 2nd base
0-1: Ball
1-1: Foul Ball, location: 2F
1-2: 2-RUN HOME RUN (Flyball, 7D), Distance : 348 ft
Batting: SHB Andrew Johnson 0-0: Ball
1-0: Fly out, F8 (Flyball, 8RD)
Batting: SHB Anthony Thomas 0-0: Ground out 5-3 (Groundball, 56)
Bottom of the 4th over - 2 runs, 2 hits, 0 errors, 0 left on base; Cincinnati 4 - Auburn 4
TOP OF THE 5TH
Cincinnati Bearcats batting - Pitching for Auburn Tigers : LHP Raúl Gómez
Batting: RHB John Ward 0-0: Called Strike
0-1: Foul Ball, location: 2F
0-2: Ball
1-2: Foul Ball, location: 2F
1-2: TRIPLE (Line Drive, 9LD)
Batting: SHB Miguel Price 0-0: Called Strike
0-1: Swinging Strike
0-2: Fly out, F9 (Flyball, 89S)
Runner from 3rd tags up, SCORES, throw made
Batting: RHB Ron McClain 0-0: Called Strike
0-1: Ball
1-1: Called Strike
1-2: Ball
2-2: Foul Ball, location: 2F
2-2: Strikes out swinging
Batting: RHB Craig Porter 0-0: Called Strike
0-1: Swinging Strike
0-2: Foul Ball, location: 2F
0-2: Strikes out looking
Top of the 5th over - 1 run, 1 hit, 0 errors, 0 left on base; Cincinnati 5 - Auburn 4
BOTTOM OF THE 5TH
Auburn Tigers batting - Pitching for Cincinnati Bearcats : RHP Anthony McDowell
Batting: RHB Vincente Martínez 0-0: Ball
1-0: Called Strike
1-1: SINGLE (Groundball, 6MD)
Pitching: RHP Casey Scott
Batting: LHB Ed Sorensen 0-0: Ball
1-0: Ball
2-0: Ball
3-0: Base on Balls
Vincente Martínez to second
Batting: RHB Ed McVinish 0-0: Called Strike
0-1: Ball
1-1: Swinging Strike
1-2: Foul Ball, location: 2F
1-2: Ball
2-2: Foul Ball, location: 2F
2-2: Strikes out swinging
Batting: RHB Mike Brown 0-0: Called Strike
0-1: Ball
1-1: Foul Ball, location: 2F
1-2: Strikes out looking
Batting: RHB Lou Perry 0-0: Fly out, F9 (Flyball, 89S)
Bottom of the 5th over - 0 runs, 1 hit, 0 errors, 2 left on base; Cincinnati 5 - Auburn 4
TOP OF THE 6TH
Cincinnati Bearcats batting - Pitching for Auburn Tigers : LHP Raúl Gómez
Batting: LHB Lee Price 0-0: Swinging Strike
0-1: Ball
1-1: Foul Ball, location: 2F
1-2: Ball
2-2: Foul Ball, location: 2F
2-2: Strikes out swinging
Batting: RHB Scott Snider 0-0: Called Strike
0-1: Ball
1-1: Foul Ball, location: 2F
1-2: Ball
2-2: Foul Ball, location: 2F
2-2: Foul Ball, location: 2F
2-2: Ground out 5-3 (Groundball, 56)
Batting: RHB Brendan Myers 0-0: Foul Ball, location: 2F
0-1: Swinging Strike
0-2: Ball
1-2: Ball
2-2: Strikes out looking
Top of the 6th over - 0 runs, 0 hits, 0 errors, 0 left on base; Cincinnati 5 - Auburn 4
BOTTOM OF THE 6TH
Auburn Tigers batting - Pitching for Cincinnati Bearcats : RHP Casey Scott
Batting: SHB Wayne Tressler 0-0: Ball
1-0: Swinging Strike
1-1: Ball
2-1: Ball
3-1: Foul Ball, location: 2F
3-2: DOUBLE (Line Drive, 78M)
Batting: LHB Julián Icaza 0-0: Called Strike
0-1: Ball
1-1: Fly out, F7 (Flyball, 78D)
Batting: SHB Andrew Johnson 0-0: Ball
1-0: Called Strike
1-1: Foul Ball, location: 2F
1-2: Ball
2-2: Ground out 4-3 (Groundball, 4)
Wayne Tressler to third
Batting: SHB Anthony Thomas 0-0: Called Strike
0-1: Ball
1-1: Ball
2-1: Ball
3-1: Base on Balls
Batting: RHB Vincente Martínez 0-0: Swinging Strike
0-1: Foul Ball, location: 2F
0-2: Ball
1-2: Strikes out swinging
Bottom of the 6th over - 0 runs, 1 hit, 0 errors, 2 left on base; Cincinnati 5 - Auburn 4
TOP OF THE 7TH
Cincinnati Bearcats batting - Pitching for Auburn Tigers : LHP Raúl Gómez
Batting: RHB Ralph Summers 0-0: Foul Ball, location: 2F
0-1: Ball
1-1: Ball
2-1: Foul Ball, location: 2F
2-2: Strikes out swinging
Pitching: RHP Jeffrey Ferris
Batting: RHB Dale Castro 0-0: Called Strike
0-1: Swinging Strike
0-2: Strikes out swinging
Batting: RHB John Ward 0-0: Ball
1-0: Ground out 6-3 (Groundball, 6M)
Top of the 7th over - 0 runs, 0 hits, 0 errors, 0 left on base; Cincinnati 5 - Auburn 4
BOTTOM OF THE 7TH
Auburn Tigers batting - Pitching for Cincinnati Bearcats : RHP Casey Scott
Batting: LHB Ed Sorensen 0-0: Ball
1-0: Foul Ball, location: 2F
1-1: Ground out 4-3 (Groundball, 4)
Batting: RHB Ed McVinish 0-0: Ground out 4-3 (Groundball, 4)
Batting: RHB Mike Brown 0-0: Swinging Strike
0-1: Called Strike
0-2: Strikes out swinging
Bottom of the 7th over - 0 runs, 0 hits, 0 errors, 0 left on base; Cincinnati 5 - Auburn 4
TOP OF THE 8TH
Cincinnati Bearcats batting - Pitching for Auburn Tigers : RHP Jeffrey Ferris
Batting: SHB Miguel Price 0-0: Ball
1-0: Fly out, F9 (Flyball, 89M)
Batting: RHB Ron McClain 0-0: Called Strike
0-1: Foul Ball, location: 2F
0-2: Ball
1-2: Foul Ball, location: 2F
1-2: Fly out, F7 (Line Drive, 7D)
Batting: RHB Craig Porter 0-0: Ball
1-0: Swinging Strike
1-1: SINGLE (Line Drive, 89S)
Batting: LHB Lee Price 0-0: Called Strike
0-1: Ball
1-1: Swinging Strike
1-2: Strikes out swinging
Top of the 8th over - 0 runs, 1 hit, 0 errors, 1 left on base; Cincinnati 5 - Auburn 4
BOTTOM OF THE 8TH
Auburn Tigers batting - Pitching for Cincinnati Bearcats : RHP Casey Scott
Batting: RHB Lou Perry 0-0: Ball
1-0: Called Strike
1-1: Called Strike
1-2: Ball
2-2: Foul Ball, location: 2F
2-2: Foul Ball, location: 2F
2-2: Foul Ball, location: 2F
2-2: SINGLE (Flyball, 7LM)
Pitching: RHP Danny McCabe
Batting: SHB Wayne Tressler 0-0: Ball
1-0: Ball
2-0: Bunted foul
2-1: Bunted foul
2-2: Fielders Choice at 2nd, 4-6 (Groundball, 4)
Pinch Hitting: LHB Armando Vázquez 0-0: Ball
1-0: Called Strike
1-1: Ball
2-1: Foul Ball, location: 2F
2-2: Ground out 6-3 (Groundball, 6M)
Wayne Tressler to second
Batting: SHB Andrew Johnson 0-0: Foul Ball, location: 2F
0-1: Swinging Strike
0-2: Ball
1-2: SINGLE (Groundball, 56S) (infield hit)
Wayne Tressler to third
Batting: SHB Anthony Thomas 0-0: Ball
1-0: Swinging Strike
1-1: Fly out, F8 (Flyball, 8LD)
Bottom of the 8th over - 0 runs, 2 hits, 0 errors, 2 left on base; Cincinnati 5 - Auburn 4
TOP OF THE 9TH
Cincinnati Bearcats batting - Pitching for Auburn Tigers : RHP Jeffrey Ferris
Now in LF: Armando Vázquez
Batting: RHB Scott Snider 0-0: Ball
1-0: Ball
2-0: Called Strike
2-1: Ball
3-1: Foul Ball, location: 2F
3-2: Fly out, F7 (Flyball, 7D)
Batting: RHB Brendan Myers 0-0: Ball
1-0: Ball
2-0: Called Strike
2-1: Ball
3-1: SINGLE (Line Drive, 8RS)
Batting: RHB Ralph Summers 0-0: Ball
1-0: Foul Ball, location: 2F
1-1: Ball
2-1: Ball
3-1: Base on Balls
Brendan Myers to second
Batting: RHB Dale Castro 0-0: SINGLE (Groundball, 56)
Brendan Myers to third
Ralph Summers to second
Runner from 3rd tries for Home, SAFE, throw made home
Batting: RHB John Ward 0-0: Called Strike
0-1: Ball
1-1: Foul Ball, location: 2F
1-2: Foul Ball, location: 2F
1-2: Ball
2-2: Foul Ball, location: 2F
2-2: Foul Ball, location: 2F
2-2: Ball
3-2: Base on Balls
Ralph Summers to third
Dale Castro to second
Pitching: RHP Carl Woodward
Batting: SHB Miguel Price 0-0: Ball
1-0: Ball
2-0: Called Strike
2-1: Ball
3-1: Base on Balls
Ralph Summers scores
Dale Castro to third
John Ward to second
Batting: RHB Ron McClain 0-0: Fly out, F9 (Flyball, 9D)
Runner from 3rd tags up, SCORES, throw made
Batting: RHB Craig Porter 0-0: Called Strike
0-1: Called Strike
0-2: Ball
1-2: Strikes out looking
Top of the 9th over - 3 runs, 2 hits, 0 errors, 2 left on base; Cincinnati 8 - Auburn 4
BOTTOM OF THE 9TH
Auburn Tigers batting - Pitching for Cincinnati Bearcats : RHP Danny McCabe
Batting: RHB Vincente Martínez 0-0: Ball
1-0: Foul Ball, location: 2F
1-1: Swinging Strike
1-2: Foul Ball, location: 2F
1-2: Foul Ball, location: 2F
1-2: Ball
2-2: Foul Ball, location: 2F
2-2: Ball
3-2: Base on Balls
Batting: LHB Ed Sorensen 0-0: Foul Ball, location: 2F
0-1: Called Strike
0-2: Fly out, F9 (Flyball, 89D)
Batting: RHB Ed McVinish 0-0: Ball
1-0: Ball
2-0: Called Strike
2-1: SINGLE (Line Drive, 9LS)
Vincente Martínez to second
Pitching: RHP Frank Scott
Batting: RHB Mike Brown 0-0: Ball
1-0: Called Strike
1-1: Called Strike
1-2: Foul Ball, location: 2F
1-2: Strikes out looking
Batting: RHB Lou Perry 0-0: SINGLE (Groundball, 34D)
Vincente Martínez to third
Ed McVinish to second
Batting: SHB Wayne Tressler 0-0: TRIPLE (Line Drive, 9LD)
Vincente Martínez scores
Ed McVinish scores
Lou Perry scores
Batting: LHB Armando Vázquez 0-0: Called Strike
0-1: Swinging Strike
0-2: Ball
1-2: Foul Ball, location: 2F
1-2: Ball
2-2: Ball
3-2: Base on Balls
Batting: SHB Andrew Johnson 0-0: Ball
1-0: Called Strike
1-1: Ball
2-1: Ball
3-1: Foul Ball, location: 2F
3-2: Foul Ball, location: 2F
3-2: Ground out 4-3 (Groundball, 4)
Bottom of the 9th over - 3 runs, 3 hits, 0 errors, 2 left on base; Cincinnati 8 - Auburn 7
Saturday, December 16th, 2017 - OOTP Baseball 18.8 Build 76